 Dungeon Crawl Stone Soup version 0.28-a0-8-g6e044cfa68 (webtiles) character file.

Game seed: 11438676036537616035

50691 lewky the Warrior (level 14, -1/146 HPs)
             Began as a Minotaur Fighter on July 24, 2021.
             Was a High Priest of Makhleb.
             Succumbed to a naga ritualist's toxic radiance
             ... on level 1 of the Snake Pit.
             The game lasted 01:32:57 (22445 turns).

lewky the Warrior (Minotaur Fighter)               Turns: 22445, Time: 01:32:58

Health: -1/146     AC: 15    Str: 31    XL:     14   Next: 20%
Magic:  9/13       EV:  5    Int:  5    God:    Makhleb [*****.]
Gold:   950        SH: 20    Dex: 11    Spells: 13/13 levels left

rFire   . . .      SeeInvis .   B - +2 trident (protect)
rCold   . . .      Faith    .   T - +0 tower shield
rNeg    . . .      Spirit   +   n - +0 plate armour
rPois   x          Reflect  .   (helmet restricted)
rElec   .          Harm     +   O - scarf {harm}
rCorr   .          Rampage  .   (no gloves)
Will    +....      Rnd*Rage +   (no boots)
Stlth   ..........              u - amulet of guardian spirit
HPRegen 0.34/turn               g - +6 ring of strength
MPRegen 0.13/turn               (no ring)

@: lethally poisoned (-1 -> -28), poison vulnerable, studying Long Blades
A: horns 2, retaliatory headbutt, berserk 1
a: Renounce Religion, Minor Destruction, Lesser Servant of Makhleb, Major
Destruction, Greater Servant of Makhleb


You were on level 1 of the Snake Pit.
You worshipped Makhleb.
Makhleb was extremely pleased with you.
You visited 4 branches of the dungeon, and saw 19 of its levels.
You visited the Abyss 1 time.

You collected 1346 gold pieces.
You spent 396 gold pieces at shops.

Inventory:

Hand Weapons
 B - a +2 trident of protection (weapon)
 J - a +4 war axe
 U - a +2 trident of holy wrath
Armour
 c - a +0 kite shield
 e - a +3 ring mail of cold resistance
 j - a +0 ring mail of poison resistance
 n - a +0 plate armour (worn)
 O - a scarf of harm (worn)
 T - a +0 tower shield (worn)
Jewellery
 g - a +6 ring of strength (left hand)
 u - an amulet of guardian spirit (around neck)
 F - an amulet of magic regeneration
 G - the ring of Datovios {Fire Int+2}
   (You found it on level 6 of the Lair of Beasts)

   [ring of fire]

   It enhances your fire magic.
   Int:       It affects your intelligence (+2).
   rF:        It protects you from fire.
   rC:        It makes you vulnerable to cold.
 H - a ring of flight
 Q - a ring of protection from cold
Wands
 f - a wand of digging (17)
 t - a wand of acid (6)
 w - a wand of polymorph (9)
 C - a wand of iceblast (22)
 D - a wand of flame (55)
 N - a wand of paralysis (14)
 W - a wand of charming (8)
Scrolls
 a - a scroll of torment {unknown}
 b - a scroll of immolation {unknown}
 h - a scroll of identify
 i - a scroll of acquirement {unknown}
 k - 3 scrolls of teleportation
 p - 3 scrolls of vulnerability
 r - 2 scrolls of silence {unknown}
 s - 4 scrolls of magic mapping
 v - 2 scrolls of fear {unknown}
 x - 4 scrolls of enchant weapon
 y - 3 scrolls of enchant armour {unknown}
 E - 3 scrolls of noise {unknown}
 I - 3 scrolls of fog {unknown}
 L - a scroll of amnesia {unknown}
 M - a scroll of holy word {unknown}
Potions
 d - 2 potions of mutation {unknown}
 l - 2 potions of brilliance {unknown}
 m - a potion of haste {unknown}
 o - 3 potions of degeneration
 z - 3 potions of attraction
 A - 2 potions of lignification {unknown}
 K - 2 potions of ambrosia
 P - 3 potions of flight
 Y - a potion of resistance {unknown}
 Z - a potion of berserk rage {unknown}
Miscellaneous
 X - a lightning rod (4/4)


   Skills:
 * Level 19.5 Fighting
 - Level 2.8(9.8) Axes
 - Level 14.0(14.1) Polearms
 + Level 11.6 Armour
 + Level 11.6 Shields


You had 13 spell levels left.
You didn't know any spells.
Your spell library contained the following spells:

 Spells                   Type           Power      Damage    Failure   Level
 Beastly Appendage        Tmut           0%         N/A       100%        1
 Foxfire                  Conj/Fire      0%         2x1d4     100%        1
 Magic Dart               Conj           0%         1d3       100%        1
 Shock                    Conj/Air       0%         1d3       100%        1
 Call Imp                 Summ           0%         N/A       100%        2
 Ensorcelled Hibernation  Hex/Ice        0%         N/A       100%        2
 Passwall                 Tmut/Erth      0%         N/A       100%        2
 Wereblood                Tmut           0%         N/A       100%        2
 Conjure Flame            Conj/Fire      0%         6-21      100%        3
 Inner Flame              Hex/Fire       0%         N/A       100%        3
 Mephitic Cloud           Conj/Pois/Air  0%         N/A       100%        3
 Ozocubu's Armour         Ice            0%         N/A       100%        3
 Spider Form              Tmut/Pois      0%         N/A       100%        3
 Stone Arrow              Conj/Erth      0%         3d7       100%        3
 Swiftness                Air            0%         N/A       100%        3
 Airstrike                Air            0%         N/A       100%        4
 Animate Armour           Summ/Erth      0%         N/A       100%        4
 Animate Dead             Necr           0%         N/A       100%        4
 Cause Fear               Hex            0%         N/A       100%        4
 Fulminant Prism          Conj/Hex       0%         3d6       100%        4
 Iskenderun's Mystic Bla  Conj/Tloc      0%         2d3       100%        4
 Petrify                  Tmut/Erth      0%         N/A       100%        4
 Borgnjor's Vile Clutch   Necr/Erth      0%         N/A       100%        5
 Iskenderun's Battlesphe  Conj           0%         2d6       100%        5
 Lee's Rapid Deconstruct  Erth           0%         3d5*      100%        5
 Metabolic Englaciation   Hex/Ice        0%         N/A       100%        5
 Death Channel            Necr           0%         N/A       100%        6
 Invisibility             Hex            0%         N/A       100%        6
 Iron Shot                Conj/Erth      0%         9d1       100%        6
 Shadow Creatures         Summ           N/A        N/A       100%        6
 Statue Form              Tmut/Erth      0%         N/A       100%        6
 Dragon Form              Tmut           0%         N/A       100%        7
 Malign Gateway           Summ/Tloc      0%         N/A       100%        7
 Ozocubu's Refrigeration  Ice            0%         4d5       100%        7
 Spellforged Servitor     Conj/Summ      0%         N/A       100%        7
 Borgnjor's Revivificati  Necr           0%         N/A       100%        8
 Lehudib's Crystal Spear  Conj/Erth      0%         10d2      100%        8
 Necromutation            Tmut/Necr      0%         N/A       100%        8
 Summon Horrible Things   Summ           0%         N/A       100%        8
 Death's Door             Necr           0%         N/A       100%        9
 Dragon's Call            Summ           0%         N/A       100%        9


Dungeon Overview and Level Annotations

Branches:
Dungeon (11/15)            Temple (1/1) D:7            Lair (6/6) D:10
 Shoals (0/4) Lair:2        Snake (1/4) Lair:3        Slime (0/5) Lair:5
    Orc: D:9-12

Altars:
Ashenzari
Cheibriados
Dithmenos
Elyvilon
Fedhas
Gozag
Hepliaklqana
Kikubaaqudgha
Makhleb
Nemelex Xobeh
Okawaru
Qazlal
Ru
Sif Muna
Trog
Uskayaw
Vehumet
Wu Jian
Xom
Yredelemnul
Zin
The Shining One

Shops:
D:9 **((*


Innate Abilities, Weirdness & Mutations

You have a pair of horns on your head.
You reflexively headbutt those who attack you in melee.
You tend to lose your temper in combat.


Message History

You are more poisoned.
The black mamba bites you but does no damage.
The black mamba bites you!
* * * LOW HITPOINT WARNING * * *
A naga mage comes into view. It is wielding a +0 flail.
You closely miss the black mamba.
The naga mage shouts!
Your headbutt misses the black mamba.
You feel very sick. The black mamba bites you!
* * * LOW HITPOINT WARNING * * *
The black mamba bites you but does no damage.
You feel very sick.
The black mamba bites you but does no damage.
You see here a +0 short sword.
You impale the black mamba!!
Your weapon exudes an aura of protection.
Your headbutt misses the black mamba.
The black mamba is severely wounded.
You feel sick. The black mamba bites you!
* * * LOW HITPOINT WARNING * * *
The black mamba bites you but does no damage.
You feel sick.
* * * LOW HITPOINT WARNING * * *
You are lethally poisoned!
The black mamba bites you but does no damage.
The black mamba barely misses you. The naga mage spits poison at you.
The splash of poison hits you but does no damage.
You are more poisoned.
You are too confused!
You feel less invigorated.
You feel less confused.
* * * LOW HITPOINT WARNING * * *
You feel very sick.
* * * LOW HITPOINT WARNING * * *
You are more poisoned.
You block the black mamba's attack. x2
You see here a +0 short sword.
You die...

#############
#......S....#
###...).....#
###@......#
#.......N.#
#.....#####N.
.....### .
......#
......##.
...... .
...>.. .


You could see a black mamba and a naga mage (catching breath).

Vanquished Creatures
  Kirke (Lair:6)
  7 hydras
  A naga warrior (Snake:1)
  2 catoblepae
  3 two-headed ogres
  A tengu warrior (D:8)
  A glowing orange brain (Abyss:1)
  The ghost of Nausicaa the Grappler, a novice TrMo (D:7)
  An anaconda zombie (Abyss:1)
  Pikel (D:7)
  An ugly thing (D:8)
  A salamander (Snake:1)
  A manticore (Lair:2)
  Maurice (D:9)
  10 elephants
  3 black mambas
  14 cane toads
  Psyche (D:8)
  5 komodo dragons
  An unseen horror (D:9)
  2 trolls
  4 hornets
  9 polar bears
  A wind drake (Lair:2)
  17 blink frogs
  Grinder (D:4)
  A dream sheep (Lair:6)
  Sigmund (D:2)
  12 spriggans
  5 wyverns
  2 shadows
  A wraith (D:10)
  3 basilisks
  5 hogs (Lair:6)
  31 yaks
  A neqoxec (Abyss:1)
  3 steam dragons
  2 wargs (D:10)
  11 nagas
  Menkaure (D:4)
  An acid dragon (D:8)
  9 water moccasins
  7 orc warriors
  4 black bears
  2 sky beasts (D:7)
  3 ogres
  21 wolves
  5 boggarts (Lair:6)
  A lemure (D:7)
  3 centaurs
  2 phantoms
  A kobold brigand (D:10)
  2 gnoll sergeants
  8 bullfrogs
  5 scorpions
  8 killer bees (D:9)
  8 wights
  An electric eel (Lair:2)
  3 howler monkeys (D:10)
  3 centaur zombies
  2 hounds (D:5)
  Crazy Yiuf (D:7)
  7 orc priests
  2 gnoll shamans
  14 jellies (Lair:5)
  2 bullfrog skeletons
  3 centaur skeletons
  3 iguanas
  12 orc wizards
  A killer bee zombie (D:6)
  A hound zombie (D:5)
  A hound skeleton (D:4)
  2 howler monkey skeletons
  7 adders
  16 gnolls
  A shadow imp (Abyss:1)
  12 white imps (Lair:1)
  3 ufetubi
  2 adder skeletons
  8 worms
  A dart slug (D:4)
  28 orcs
  7 bats
  12 endoplasms
  3 giant cockroaches
  12 goblins
  11 hobgoblins
  4 jackals (D:2)
  7 quokkas
  9 ball pythons
  5 frilled lizards
  11 kobolds
  6 rats
483 creatures vanquished.

Vanquished Creatures (others)
  A centaur zombie (D:7)
  A centaur skeleton (D:7)
  A howler monkey skeleton (D:7)
  27 fungi
  39 plants
69 creatures vanquished.

Grand Total: 552 creatures vanquished

Notes
Turn   | Place    | Note
-------+----------+-------------------------------------------
     0 | D:1      | lewky the Minotaur Fighter began the quest for the Orb.
     0 | D:1      | Reached XP level 1. HP: 19/19 MP: 0/0
   628 | D:1      | Reached XP level 2. HP: 27/27 MP: 1/1
   630 | D:1      | Reached skill level 4 in Fighting
  1211 | D:2      | Noticed Sigmund
  1222 | D:2      | Killed Sigmund
  1223 | D:2      | Reached skill level 5 in Fighting
  1223 | D:2      | Reached XP level 3. HP: 5/36 MP: 2/2
  1223 | D:2      | Reached XP level 4. HP: 6/42 MP: 3/3
  1223 | D:2      | Reached XP level 5. HP: 7/48 MP: 4/4
  1684 | D:2      | Found a stormy altar of Qazlal.
  2497 | D:3      | Reached XP level 6. HP: 57/57 MP: 5/5
  2730 | D:3      | Reached skill level 6 in Fighting
  3156 | D:3      | Reached skill level 5 in Shields
  3157 | D:3      | Reached skill level 5 in Armour
  3482 | D:4      | Noticed Grinder
  3491 | D:4      | Paralysed by Grinder for 2 turns
  3495 | D:4      | Killed Grinder
  3496 | D:4      | Reached skill level 7 in Fighting
  3496 | D:4      | Reached XP level 7. HP: 47/66 MP: 6/6
  3680 | D:4      | Reached skill level 5 in Polearms
  3846 | D:4      | Noticed Menkaure
  3854 | D:4      | Killed Menkaure
  3855 | D:4      | Reached skill level 8 in Fighting
  3898 | D:4      | Noticed a yak
  3900 | D:4      | Killed a yak
  3901 | D:4      | Reached XP level 8. HP: 75/75 MP: 7/7
  4093 | D:5      | Entered Level 5 of the Dungeon
  4514 | D:5      | Reached skill level 9 in Fighting
  5283 | D:6      | Reached skill level 10 in Fighting
  5553 | D:6      | Reached XP level 9. HP: 79/85 MP: 6/8
  5913 | D:7      | Noticed Pikel
  5924 | D:7      | Killed Pikel
  5925 | D:7      | Reached skill level 11 in Fighting
  6052 | D:7      | Found a transporter.
  6054 | D:7      | Found a transporter.
  6054 | D:7      | Noticed a troll
  6054 | D:7      | Noticed a two-headed ogre
  6054 | D:7      | Noticed Nausicaa's ghost (novice TrMo)
  6061 | D:7      | Found a staircase to the Ecumenical Temple.
  6076 | D:7      | Killed a two-headed ogre
  6077 | D:7      | Reached skill level 10 in Polearms
  6089 | D:7      | Killed Nausicaa's ghost
  6090 | D:7      | Reached skill level 12 in Fighting
  6092 | D:7      | Reached XP level 10. HP: 62/97 MP: 2/9
  6500 | D:7      | Found a sacrificial altar of Ru.
  6782 | D:7      | Found a runed translucent door.
  6783 | D:7      | Noticed Crazy Yiuf
  6935 | D:7      | Killed Crazy Yiuf
  7252 | Temple   | Entered the Ecumenical Temple
  7322 | Temple   | Became a worshipper of Makhleb the Destroyer
  7504 | D:8      | Noticed Psyche
  7508 | D:8      | Cast into level 1 of the Abyss (Psyche)
  7544 | Abyss:1  | Gained mutation: You tend to lose your temper in combat. [a
                  | neqoxec]
  7572 | Abyss:1  | Reached skill level 13 in Fighting
  7624 | Abyss:1  | Noticed a glowing orange brain
  7633 | Abyss:1  | Killed a glowing orange brain
  7664 | D:8      | Escaped the Abyss
  7670 | D:8      | Killed Psyche
  7930 | D:8      | Noticed a tengu warrior
  7950 | D:8      | Killed a tengu warrior
  8123 | D:8      | Reached XP level 11. HP: 83/108 MP: 10/10
  8297 | D:8      | Reached * piety under Makhleb
  8298 | D:8      | Reached skill level 14 in Fighting
  8487 | D:8      | Noticed a cyan ugly thing
  8506 | D:8      | Killed a cyan ugly thing
  9778 | D:9      | Found Meshy's Weapon Shop.
  9880 | D:9      | Found Caggoet's Assorted Antiques.
  9890 | D:9      | Noticed Maurice
  9899 | D:9      | Killed Maurice
 10069 | D:9      | Found Utexiyf's Assorted Antiques.
 10081 | D:9      | Bought a scroll of identify for 46 gold pieces
 10081 | D:9      | Bought a scroll of identify for 46 gold pieces
 10148 | D:9      | Found Vofer's Assorted Antiques.
 10154 | D:9      | Bought a scroll labelled AFARER MIAFISH for 35 gold pieces
 10154 | D:9      | Bought a scroll labelled CEIDAF EZOD for 35 gold pieces
 10154 | D:9      | Bought a scroll labelled ZEOXE ETYEKK for 35 gold pieces
 10491 | D:9      | Noticed an eight-headed hydra
 10502 | D:9      | Killed an eight-headed hydra
 10731 | D:9      | Found Bimu's Weapon Shoppe.
 11377 | D:9      | Bought 2 potions of curing for 144 gold pieces
 11377 | D:9      | Bought a scroll labelled ELORHIE BAFEIMM for 24 gold pieces
 11421 | D:9      | Bought a smoky grey potion for 31 gold pieces
 11452 | D:10     | Entered Level 10 of the Dungeon
 11452 | D:10     | Noticed a two-headed ogre
 11457 | D:10     | Killed a two-headed ogre
 11457 | D:10     | Reached ** piety under Makhleb
 11458 | D:10     | Reached skill level 15 in Fighting
 11550 | D:10     | Found a staircase to the Lair.
 11610 | D:10     | Noticed a two-headed ogre
 11617 | D:10     | Killed a two-headed ogre
 12019 | D:10     | Reached XP level 12. HP: 50/122 MP: 2/11
 13345 | Lair:1   | Entered Level 1 of the Lair of Beasts
 13345 | Lair:1   | Found a frozen archway.
 13360 | Lair:1   | Reached *** piety under Makhleb
 13381 | Lair:1   | Reached skill level 16 in Fighting
 14688 | Lair:2   | Noticed a six-headed hydra
 14694 | Lair:2   | Killed a six-headed hydra
 14915 | Lair:2   | Found a staircase to the Shoals.
 15982 | Lair:2   | Reached skill level 17 in Fighting
 16273 | Lair:3   | Found a staircase to the Snake Pit.
 16563 | Lair:3   | Reached **** piety under Makhleb
 16798 | Lair:3   | Noticed an eight-headed hydra
 16805 | Lair:3   | Killed an eight-headed hydra
 16843 | Lair:3   | Reached XP level 13. HP: 133/133 MP: 12/12
 18403 | Lair:5   | Reached skill level 18 in Fighting
 18499 | Lair:5   | Reached skill level 10 in Armour
 18587 | Lair:5   | Reached skill level 10 in Shields
 19119 | Lair:5   | Found a staircase to the Slime Pits.
 19710 | Lair:6   | Entered Level 6 of the Lair of Beasts
 19771 | Lair:6   | Identified the ring of Datovios {Fire Int+2}
 19796 | Lair:6   | Reached ***** piety under Makhleb
 19956 | Lair:6   | Noticed Kirke
 19968 | Lair:6   | Noticed a sphinx
 19975 | Lair:6   | Paralysed by a sphinx for 5 turns
 19992 | Lair:6   | Killed Kirke
 20495 | Lair:6   | Reached skill level 19 in Fighting
 20582 | Lair:6   | Paralysed by a hornet for 1 turns
 20589 | Lair:6   | Paralysed by a hornet for 3 turns
 21275 | Lair:6   | Reached XP level 14. HP: 142/146 MP: 9/13
 22266 | Snake:1  | Entered Level 1 of the Snake Pit
 22400 | Snake:1  | HP: 7/146 [poisoned by a naga mage (bolt of poison)]
 22405 | Snake:1  | HP: 4/146 [poisoned by a naga mage (bolt of poison)]
 22444 | Snake:1  | HP: 7/146 [poisoned by a naga mage (splash of poison)]
 22445 | Snake:1  | Succumbed to a naga ritualist's toxic radiance

Illustrated notes

Levels and vault maps discovered:
D:1:      saegor_arrival_simple_e, layout_loops_ring, roderic_malta_cross,
          serial_bayou_pond_a
D:2:      minmay_skewed_foursquare, layout_loops_ring, basic_altar,
          minivault_25, amcnicky_mini_rare_corridor_liquid,
          chequers_serial_rivers_micro_b, hex_tiny, uniq_sigmund
D:3:      layout_basic, chequers_serial_rivers_micro_c, kennysheep_crisscross,
          st_stairs_8, minmay_circle_x
D:4:      layout_cave_pools, serial_park, serial_park_tiny_2, serial_park_paths
          [serial_park_minivault_5x5_3], serial_park_square3
          [serial_park_minivault_5x5_7], minmay_manual_mess, uniq_menkaure,
          uniq_grinder
D:5:      layout_loops_corners
D:6:      layout_basic, kennysheep_generic_room_10
D:7:      layout_loops_ring, nicolae_ru_the_path_less_chosen,
          minmay_temple_entry_slanted, nzn_ghost_randoct, lemuel_flame_loot_1,
          uniq_pikel, uniq_crazy_yiuf_cottage
D:8:      minmay_distorted_concentric_squares, layout_basic, uniq_psyche
D:9:      layout_layer_cave, serial_shops, nicolae_shop_overgrown_old_shop,
          nicolae_stop_n_shop_2, nicolae_shop_stone, shop_fountains,
          nicolae_shop_statue_plus, uniq_maurice
D:10:     layout_layer_cave, erik_lair_orcish_takeover
D:11:     layout_roguey [special_room_orc], orc_0_dummy,
          hellmonk_ghost_happy_afterlife, serial_shops, kennysheep_little_box
Temple:   kilobyte_greek_temple
Lair:1:   layout_regular_city, nicolae_volcano_entry_lava_flow,
          portal_ice_cave_entry_imps
Lair:2:   layout_gridlike, minmay_shoals_entry_beasts, serial_bayou,
          serial_bayou_pond_c, serial_bayou_pond_c, serial_bayou_pond_b,
          serial_bayou_shore_a
Lair:3:   layout_regular_city, minmay_snake_entry_guardpost_large
Lair:4:   layout_concentric_octagons, st_stairs_4,
          chequers_serial_rivers_room_b, serial_bayou_pond_d,
          eino_small_chamber_without_monster
Lair:5:   layout_regular_city, minmay_slime_entry_jelly_boxes,
          lookout_lair_type, chequers_serial_rivers_micro_c,
          infiniplex_staircase_pool_2
Lair:6:   minmay_lair_end_enchanted_forest, layout_small_grid, uniq_kirke
Snake:1:  layout_chambers, special_room

Skill      XL: |  1  2  3  4  5  6  7  8  9 10 11 12 13 |
---------------+----------------------------------------+-----
Fighting       | 5 7 8 10 12 13 15 17 19 | 19.5
Polearms       | 2 4 6 8 11 13 14 | 14.0
Armour         | 4 5 6 9 11 | 11.6
Shields        | 4 5 6 9 11 | 11.6
Axes           | |  2.8

Action                   |  1- 3 |  4- 6 |  7- 9 | 10-12 | 13-15 || total
-------------------------+-------+-------+-------+-------+-------++-------
Melee: War axe           |    38 |       |       |       |       ||    38
       Spear             |    15 |       |       |       |       ||    15
       Headbutt          |     4 |    15 |    31 |   159 |   132 ||   341
       Scythe            |       |   136 |   155 |    35 |       ||   326
       Trident           |       |       |       |   657 |   506 ||  1163
  Use: Potion            |     1 |     1 |     6 |     5 |     7 ||    20
       Scroll            |       |       |     4 |     1 |    15 ||    20
 Stab: Distracted        |       |       |     1 |       |       ||     1
Armor: Scale mail        |    18 |    70 |       |       |       ||    88
       Troll leather arm |       |       |    23 |       |       ||    23
       Plate armour      |       |       |   110 |   317 |   279 ||   706
Dodge: Dodged            |    11 |    67 |    83 |   100 |    72 ||   333
Block: Kite shield       |    21 |       |       |   280 |       ||   301
       Tower shield      |       |       |       |    12 |   508 ||   520

Table legend: (Time is in decaauts)
 A = Elapsed time spent in this place.
 B = Non-inter-level travel time spent in this place.
 C = Inter-level travel time spent in this place.
 D = Time resting spent in this place.
 E = Time spent auto-exploring this place.
 F = Levels seen in this place.
 G = Mean time per level.
                   A        B        C        D        E       F      G
               +--------+--------+--------+--------+--------+-----+--------+
         Total |  22664 |  21323 |   1341 |   4258 |  12669 |  20 | 1133.2 |
       Dungeon |  13243 |  12600 |    643 |   2297 |   8082 |  11 | 1203.9 |
        Temple |    159 |    128 |     31 |      0 |     56 |   1 |  159.0 |
          Lair |   8935 |   8272 |    663 |   1898 |   4476 |   6 | 1489.2 |
     Snake Pit |    173 |    170 |      3 |      4 |     33 |   1 |  173.0 |
         Abyss |    152 |    152 |      0 |     59 |     21 |   1 |  152.0 |
               +--------+--------+--------+--------+--------+-----+--------+

Top non-repeatable levels by time:
     D:9: 2062 daAuts
  Lair:6: 1955 daAuts
  Lair:5: 1948 daAuts
    D:10: 1869 daAuts
     D:8: 1722 daAuts
     D:7: 1622 daAuts
  Lair:2: 1327 daAuts
  Lair:1: 1318 daAuts
     D:2: 1305 daAuts
  Lair:3: 1299 daAuts
     D:1: 1213 daAuts
  Lair:4: 1085 daAuts
     D:5: 1032 daAuts
     D:4: 929 daAuts
     D:3: 816 daAuts
